 Dungeon Crawl Stone Soup version 0.31.0 (webtiles) character file.

Game seed: 17499664369288262263

396 Esekla the Covert (level 6, -2/40 (43) HPs)
             Began as an Octopode Delver on Jan 19, 2024.
             Was an Initiate of Gozag.
             Slain by a wight
             ... wielding a +4 spear of freezing
              (10 damage)
             ... on level 3 of the Dungeon.
             The game lasted 00:19:08 (2772 turns).

Esekla the Covert (Octopode Delver)                 Turns: 2772, Time: 00:19:08

HP:   -2/40 (43)    AC:  1    Str: 12    XL:     6   Next: 83%
MP:   8/8           EV: 13    Int: 14    God:    Gozag
Gold: 700           SH:  0    Dex: 13    Spells: 8/8 levels left

rFire   . . .        a - +0 long sword
rCold   . . .        (no shield)
rNeg    . . .        (helmet restricted)
rPois   .            (no amulet)
rElec   .            (no ring)
rCorr   .            (no ring)
SInv    .            (no ring)
Will    .....        (no ring)
Stlth   +++++        (no ring)
HPRegen 0.26/turn    (no ring)
MPRegen 0.11/turn    (no ring)
                     (no ring)

%: no passive effects
@: gold aura, hasted, drained, very quick
A: almost no armour, amphibious, 8 rings, camouflage 1, gelatinous body 1,
(nimble swimmer 1), tentacles
a: Renounce Religion, Potion Petition, Call Merchant, Bribe Branch


You were on level 3 of the Dungeon.
You worshipped Gozag.
Gozag was pleased with you.
You visited 2 branches of the dungeon, and saw 6 of its levels.
You also visited: Sewer.

You collected 715 gold pieces.
You paid 15 gold pieces to Gozag.

Inventory:

Hand Weapons
 a - a +0 long sword (weapon)
 r - a +0 spear
 s - a +0 dagger
Wands
 f - a wand of digging (3)
Scrolls
 b - a scroll of fog
 e - 2 scrolls of teleportation
 g - 2 scrolls of identify {unknown}
 k - a scroll of enchant armour {unknown}
 l - a scroll of noise {unknown}
Potions
 c - a potion of haste
 d - a potion of curing {unknown}
 h - 4 potions of enlightenment
 i - a potion of degeneration {unknown}
 j - a potion of cancellation


   Skills:
 * Level 4.0 Fighting
 * Level 4.3 Long Blades
 * Level 2.8 Dodging
 + Level 8.3 Stealth
 * Level 1.9 Spellcasting
 + Level 0.2 Evocations


You had 8 spell levels left.
You didn't know any spells.
Your spell library contained the following spells:

 Spells                   Type           Power      Damage    Failure   Level
 Foxfire                  Conj/Fire      4%         2x1d4     24%         1
 Plasma Beam              Fire/Air       0%         2x1d10    100%        6
 Starburst                Conj/Fire      0%         6d3       100%        6


Dungeon Overview and Level Annotations

Branches:
Dungeon (5/15)             Temple (1/1) D:5           Sewer (visited)

Altars:
Dithmenos
Elyvilon
Gozag
Hepliaklqana
Kikubaaqudgha
Nemelex Xobeh
Okawaru
Ru
Sif Muna
Trog
Uskayaw
Vehumet
Xom
Yredelemnul
Zin

Shops:
D:2 [


Innate Abilities, Weirdness & Mutations

You cannot wear most types of armour.
You are amphibious.
You can wear up to eight rings at the same time.
Your skin changes colour to match your surroundings (Stealth+).
Your rubbery body absorbs attacks. (AC +1, EV +1)
((You are camouflaged when in or above water. (Stealth+)))
You have tentacles for arms and can constrict up to eight enemies at once.


Message History

Things that are here:
a +0 dagger; a +0 chain mail You now have 691 gold pieces (gained 20).
Found a falchion.
Found 5 stones.
The helpless giant cockroach fails to defend itself.
You hit the giant cockroach. You grab the giant cockroach.
Your squeeze misses the giant cockroach.
The giant cockroach is lightly wounded.
You constrict the giant cockroach.
The giant cockroach bites you but does no damage.
The giant cockroach barely misses you.
You slash the giant cockroach!
You kill the giant cockroach!
A rat comes into view.
There is a stone staircase leading down here.
The helpless rat fails to defend itself.
You hit the rat.
You kill the rat!
You now have 700 gold pieces (gained 9).
Okay, then.
The wight hits you with a +4 spear of freezing!
You feel drained. The wight freezes you.
You barely miss the wight. You grab the wight.
You constrict the wight, but do no damage.
The wight hits you with a +4 spear of freezing.
You feel drained. The wight freezes you.
You hit the wight but do no damage.
You constrict the wight, but do no damage.
The wight closely misses you.
The wight hits you with a +4 spear of freezing!
* * * LOW HITPOINT WARNING * * *
The wight freezes you.
* * * LOW HITPOINT WARNING * * *
It was a potion of cancellation.
You feel magically purged.
You constrict the wight. The wight barely misses you.
You feel yourself speed up.
You constrict the wight.
The wight hits you with a +4 spear of freezing!
You die...
Your body crumbles into a pile of gold.

......#......#####.......##......
......#+##.(.....)........#......
..........................#......
....................##....#.....#
..........#.........z...........+
....)........#......#....##.....#
....<........#......#....##......
....##+##.####.######............
#.........##..>z@...............$
#.........##.#.#####.............
#.........##.#.# #.)..........#
#.[.......## #.# #####........#
#.........# #.# #........#
#.........# #.. .....###...
#........## ... ..... ....
########## #.. ... ....


You could see a wight.

Vanquished Creatures
  2 crocodiles (Sewer)
  A malarious merfolk avatar (Sewer)
  A sickly merfolk siren (Sewer)
  5 adders
  A gnoll (D:1)
  4 river rats
  A ribbon worm (D:3)
  2 dart slugs
  6 orcs
  6 ball pythons
  5 bats
  3 endoplasms
  7 giant cockroaches
  4 goblins
  4 hobgoblins
  2 kobolds (D:1)
  6 quokkas
  4 frilled lizards
  28 rats
92 creatures vanquished.

Notes
Turn   | Place    | Note
-------+----------+-------------------------------------------
     0 | D:5      | Esekla the Octopode Delver began the quest for the Orb.
     0 | D:5      | Reached XP level 1. HP: 16/16 MP: 1/1
     9 | D:5      | Found a staircase to the Ecumenical Temple.
    70 | Temple   | Entered the Ecumenical Temple
    81 | Temple   | Became a worshipper of Gozag Ym Sagoz the Greedy
   138 | D:5      | Reached XP level 2. HP: 21/21 MP: 2/2
   147 | D:5      | Noticed a scorpion
   335 | D:4      | Noticed a black bear
   336 | D:4      | Reached skill level 7 in Stealth
   338 | D:4      | Reached XP level 3. HP: 18/26 MP: 3/3
   458 | D:4      | Found a glowing drain.
   470 | Sewer    | Entered a sewer
   483 | Sewer    | Reached skill level 1 in Spellcasting
   483 | Sewer    | Reached XP level 4. HP: 20/31 MP: 5/5
   720 | Sewer    | Reached XP level 5. HP: 18/36 MP: 6/6
   866 | Sewer    | Noticed a crocodile
   874 | Sewer    | Noticed a crocodile
   885 | Sewer    | Killed a crocodile
   886 | Sewer    | Reached skill level 8 in Stealth
   886 | Sewer    | Reached XP level 6. HP: 43/43 MP: 6/8
  1676 | D:2      | Found a faded altar of an unknown god.
  1700 | D:2      | Found Naifus's Antique Armour Shoppe.
  2772 | D:3      | Slain by a wight

Illustrated notes

Levels and vault maps discovered:
D:1:      mrwooster_arrival_arrow, layout_rooms, st_stairs_2
D:2:      layout_basic, serial_shops, nicolae_diamond_shop,
          shapermc_ecumenical_altar_pompeii, chequers_serial_rivers_micro_e
D:3:      layout_basic, grunt_decor_resistance
D:4:      layout_cave_pools, lemuel_round_altar, gup_sewer_entry_spiral,
          amethyst_killhole
D:5:      layout_basic, minmay_temple_entry_overgrown, minmay_misc_feat_pillars
Temple:   hellmonk_temple_of_storms

Skill      XL: |  1  2  3  4  5  6 |
---------------+-------------------+-----
Stealth        | 7 8 |  8.3
Spellcasting   | 1 |  1.9
Long Blades    | 3 4 |  4.3
Fighting       | 4 |  4.0
Dodging        | |  2.8
Evocations     | |  0.2

Action                     |  1- 3 |  4- 6 || total
---------------------------+-------+-------++-------
  Melee: Falchion          |    40 |    71 ||   111
         Constrict         |    11 |    23 ||    34
         Tentacles         |     9 |    21 ||    30
         Punch             |     1 |       ||     1
         Short sword       |       |     1 ||     1
         Long sword        |       |    47 ||    47
         Dagger            |       |    16 ||    16
  Evoke: Wand              |       |     2 ||     2
    Use: Scroll            |     2 |     1 ||     3
         Potion            |     1 |     2 ||     3
   Stab: Sleeping          |     4 |    19 ||    23
         Distracted        |       |     3 ||     3
 Armour: Skin              |    13 |    37 ||    50
  Dodge: Dodged            |    19 |    78 ||    97
